 Dungeon Crawl Stone Soup version 0.27.0-1-g7a089689b8 (webtiles) character file.

Game seed: 8747783722261126421

121 Spectrina the Magician (level 5, -4/35 HPs)
             Began as a Djinni Necromancer on Aug 17, 2021.
             Was a Priest of Lugonu.
             Slain by an orc (5 damage)
             ... on level 3 of the Dungeon.
             The game lasted 00:07:38 (791 turns).

Spectrina the Magician (Djinni Necromancer)          Turns: 791, Time: 00:07:39

Health: -4/35      AC:  2    Str:  7    XL:     5   Next: 26%
Gold:   23         EV: 12    Int: 18    God:    Lugonu [***...] SH:  0 Dex: 13

rFire    + + .     SeeInvis .   k - +1 dagger (elec)
rCold    x . .     Faith    .   (no shield)
rNeg     . . .     Spirit   .   a - +0 robe
rPois    ∞         Reflect  .   (no helmet)
rElec    .         Harm     .   (no cloak)
rCorr    .         Rampage  .   (no gloves)
Will     .....                  (boots unavailable)
Stlth    ++........             (no amulet)
HPRegen  0.11/turn              (no ring)
MPRegen  0.00/turn              (no ring)

@: wereblooded, flying, very slightly contaminated
A: sickness immunity, fire resistance 2, cold vulnerability 1, float, innate
caster, hp casting, extra vitality 1
a: Renounce Religion, Depart the Abyss, Bend Space, Banish


You were on level 3 of the Dungeon.
You worshipped Lugonu.
Lugonu was most pleased with you.
You visited 1 branch of the dungeon, and saw 4 of its levels.

You collected 23 gold pieces.

Inventory:

Hand Weapons
 c - a +0 whip of freezing
 i - a +0 hunting sling
 k - a +1 dagger of electrocution (weapon)
Missiles
 f - 16 arrows
 g - 6 curare-tipped darts (quivered)
 o - 19 stones
Armour
 a - a +0 robe (worn)
Scrolls
 b - a scroll of noise {unknown}
 m - a scroll of blinking {unknown}
 n - 3 scrolls of identify {unknown}
Potions
 d - 2 potions of invisibility {unknown}
 e - a potion of resistance {unknown}
 j - a potion of degeneration {unknown}
 l - a potion of haste {unknown}
 p - a potion of flight {unknown}
 q - a potion of might {unknown}


   Skills:
 - Level 2.1 Dodging
 - Level 1.5 Stealth
 * Level 4.6 Spellcasting
 + Level 1.8 Invocations


You couldn't memorise any spells.
You knew the following spells:

 Your Spells              Type           Power      Damage    Failure   Level
a - Pain                  Necr           80%        1d8       1%          1
e - Agony                 Necr           20%        N/A       50%         5
f - Foxfire               Conj/Fire      80%        2x1d8     1%          1
i - Animate Dead          Necr           10%        N/A       21%         4
l - Vampiric Draining     Necr           10%        2d7       6%          3
m - Wereblood             Tmut           20%        N/A       3%          2
p - Animate Skeleton      Necr           40%        N/A       1%          1
Your spell library was empty.

Dungeon Overview and Level Annotations

Branches:
Dungeon (4/15)
 Temple: D:4-7

Altars:
Lugonu


Innate Abilities, Weirdness & Mutations

You are immune to sickness and miasma.
You are immune to poison.
Your flesh is very heat resistant. (rF++)
You are vulnerable to cold. (rC-)
You float through the air rather than walking.
You learn spells naturally, not from books.
Your magical power is your life essence.
You have superior vitality. (+4 HP)


Message History

Press: ? - help, Shift-Dir - straight line, f/p - ball python
Aim: a ball python You draw life force from the ball python.
You feel life coursing into your body.
* * * LOW HITPOINT WARNING * * *
You howl as the wereblood boils in your veins!
The adder bites you.
* * * LOW HITPOINT WARNING * * *
The ball python misses you. The ball python grabs you.
* * * LOW HITPOINT WARNING * * *
The ball python constricts you. The orc hits you with a +0 short sword.
* * * LOW HITPOINT WARNING * * *
The adder bites you.
* * * LOW HITPOINT WARNING * * *
Unknown command.
Casting: Vampiric Draining (dangerous; 6% risk of failure)
Confirm with . or Enter, or press ? or * to list all spells.
You don't have enough health to cast this spell.
You feel better. The ball python bites you.
* * * LOW HITPOINT WARNING * * *
The ball python constricts you. The orc hits you with a +0 short sword.
* * * LOW HITPOINT WARNING * * *
The adder bites you.
* * * LOW HITPOINT WARNING * * *
Unknown command.
Unknown command.
Casting: Vampiric Draining (dangerous; 6% risk of failure)
Confirm with . or Enter, or press ? or * to list all spells.
Aiming: Vampiric Draining (dangerous; 6% risk of failure)
Press: ? - help, Shift-Dir - straight line, f/p - ball python
Aim: a ball python (severely wounded, constricting you)
You draw life force from the ball python.
You feel a bit better.
You kill the ball python!
Lugonu accepts your kill.
* * * LOW HITPOINT WARNING * * *
The adder bites you.
* * * LOW HITPOINT WARNING * * *
The orc hits you with a +0 short sword.
You die...

#######
#.....###
#....(..#
#.......#####
#....).......
#...S@.......
......o...#####
........###
........#
.........
.........
.........
..........


You could see an adder and an orc.

Vanquished Creatures
  Terence (D:2)
  4 gnolls (D:4)
  An adder (D:2)
  A worm (D:2)
  An orc (D:3)
  6 ball pythons
  6 endoplasms
  2 giant cockroaches
  3 goblins
  3 hobgoblins
  4 jackals
  A quokka (D:1)
  4 bats
  2 frilled lizards
  3 kobolds
  2 rats (D:1)
44 creatures vanquished.

Vanquished Creatures (others)
  63 foxfires
63 creatures vanquished.

Grand Total: 107 creatures vanquished

Notes
Turn   | Place    | Note
-------+----------+-------------------------------------------
     0 | D:1      | Spectrina the Djinni Necromancer began the quest for the
                  | Orb.
     0 | D:1      | Reached XP level 1. HP: 15/15 MP: 0/0
    67 | D:2      | Reached XP level 2. HP: 18/21 MP: 0/0
   120 | D:1      | Reached XP level 3. HP: 19/25 MP: 0/0
   120 | D:1      | Learned a level 1 spell: Foxfire
   171 | D:2      | Noticed a great orb of eyes
   173 | D:2      | Found a faded altar of an unknown god.
   180 | D:2      | Noticed a golden eye
   182 | D:2      | Noticed a floating eye
   182 | D:2      | Noticed a shining eye
   188 | D:2      | Became a worshipper of Lugonu the Unformed
   188 | D:2      | Reached * piety under Lugonu
   188 | D:2      | Reached ** piety under Lugonu
   199 | D:2      | You are sucked into a shaft and drop 2 floors!
   206 | D:4      | Reached skill level 4 in Spellcasting
   216 | D:4      | Reached skill level 1 in Invocations
   216 | D:4      | Reached XP level 4. HP: 5/31 MP: 0/0
   335 | D:2      | Noticed Terence
   347 | D:2      | Killed Terence
   348 | D:2      | Reached XP level 5. HP: 3/35 MP: 0/0
   348 | D:2      | Learned a level 2 spell: Wereblood
   787 | D:3      | Reached *** piety under Lugonu
   791 | D:3      | HP: 1/35 [adder (2)]
   791 | D:3      | Slain by an orc

Illustrated notes

Levels and vault maps discovered:
D:1:      beargit_arrival_diablo_church, layout_basic
D:2:      layout_basic, hellmonk_ecumenical_altar_watching_god, uniq_robin,
          uniq_terence
D:3:      layout_basic, chei_slow_surprise, general_overflow_altar,
          uniq_crazy_yiuf_cottage, uniq_natasha
D:4:      layout_cave_pools, minmay_temple_entry_proselytizer

Skill      XL: |  1  2  3 |
---------------+----------+-----
Spellcasting   | 4 |  4.6
Invocations    | 1 |  1.8
Dodging        | |  2.1
Stealth        | |  1.5

Action                   |  1- 3 |  4- 6 || total
-------------------------+-------+-------++-------
Melee: Dagger            |       |     3 ||     3
Throw: Dart              |    17 |     4 ||    21
 Cast: Pain              |     5 |       ||     5
       Foxfire           |     6 |    29 ||    35
       Vampiric Draining |       |     3 ||     3
       Wereblood         |       |     1 ||     1
  Use: Potion            |       |     1 ||     1
 Stab: Sleeping          |       |     2 ||     2
Armor: Robe              |     1 |     5 ||     6
Dodge: Dodged            |     2 |    12 ||    14
